 Dungeon Crawl Stone Soup version 0.30-a0-862-g1aabd4f9c5 (webtiles) character file.

Game seed: 2569478924541610073

88 IdlyInterested the Trooper (level 4, -3/35 HPs)
             Began as a Demonspawn Fighter on Mar 9, 2023.
             Slain by a gnoll
             ... wielding a +0 halberd of venom
              (14 damage)
             ... on level 3 of the Dungeon.
             The game lasted 00:04:45 (1937 turns).

IdlyInterested the Trooper (Demonspawn Fighter)     Turns: 1937, Time: 00:04:45

Health: -3/35      AC:  8    Str: 16    XL:     4   Next: 30%
Magic:  4/4        EV:  9    Int: 10    God:
Gold:   75         SH:  6    Dex: 14    Spells: 3/3 levels left

rFire   + . .      SeeInvis .    a - +0 long sword
rCold   . . .      Faith    .    c - +1 buckler
rNeg    . . .      Spirit   .    b - +0 scale mail
rPois   .          Reflect  .    (no helmet)
rElec   .          Rampage  .    (no cloak)
rCorr   .                        (no gloves)
Will    .....                    (no boots) Stlth
                                 (no amulet)
HPRegen 0.25/turn                h - ring of protection from fire
MPRegen 0.09/turn                (no ring)

@: mighty
A: sharp scales 2, weakness stinger 1
a: no special abilities


You were on level 3 of the Dungeon.
You visited 1 branch of the dungeon, and saw 3 of its levels.

You collected 75 gold pieces.

Inventory:

Hand Weapons
 a - a +0 long sword (weapon)
Missiles
 e - 7 stones (quivered)
Armour
 b - a +0 scale mail (worn)
 c - a +1 buckler (worn)
Jewellery
 h - a ring of protection from fire (left hand)
Wands
 i - a wand of roots (14)
Scrolls
 k - 3 scrolls of brand weapon {unknown}
 l - a scroll of teleportation
Potions
 d - a potion of might
 f - a potion of curing
 g - a potion of mutation {unknown}
 j - a potion of attraction


   Skills:
 - Level 3.0 Fighting
 + Level 2.8 Long Blades
 - Level 1.0 Throwing
 - Level 3.0 Armour
 - Level 1.0 Dodging
 - Level 1.0 Stealth
 - Level 3.0 Shields
 - Level 1.0 Evocations


You had 3 spell levels left.
You didn't know any spells.
Your spell library contained the following spells:

 Spells                   Type           Power      Damage    Failure   Level
 Portal Projectile        Hex/Tloc       0%         N/A       99%         3
 Tukima's Dance           Hex            0%         N/A       99%         3
 Blade Hands              Tmut           0%         N/A       100%        5


Dungeon Overview and Level Annotations

Branches:
Dungeon (3/15)

Altars:


Innate Abilities, Weirdness & Mutations

You are mostly covered in razor-sharp scales. (AC +2, Slay +2)
You have a small tail.


Message History

The goblin hits you but does no damage.
You closely miss the goblin.
The goblin is severely wounded.
The goblin hits you but does no damage.
You barely miss the goblin.
The goblin is severely wounded.
The goblin barely misses you.
You closely miss the goblin.
The goblin is severely wounded.
You block the goblin's attack. The goblin closely misses you.
You slash the goblin!
You kill the goblin!
The adder bites you.
You hit the adder.
The adder is heavily wounded.
The adder bites you but does no damage.
The gnoll hits you from afar with a +0 halberd of venom!
You are poisoned.
You barely miss the adder.
The adder is heavily wounded.
You feel very sick. You block the adder's attack. The gnoll closely misses you.
The adder bites you but does no damage.
You miss the adder.
The adder is heavily wounded.
You feel sick. The gnoll barely misses you. The adder barely misses you.
The gnoll hits you from afar with a +0 halberd of venom!
* * * LOW HITPOINT WARNING * * *
You are lethally poisoned!
The adder bites you but does no damage.
You slash the adder!
You kill the adder!
* * * LOW HITPOINT WARNING * * *
You feel very sick.
The gnoll throws a throwing net.
You block the throwing net.
Training target 3.0 for Shields reached!
Your Shields skill increases to level 3!
You feel better.
The gnoll hits you from afar with a +0 halberd of venom!
You die...

##########
#)........
#.########
##############.#
#..............#
#.##############
#.# ### ####.####
##.###.####........
#.#....@)ggg......#
##.###.####...###.#
### #.# ........
#.# ..........
#.##.#######.#
#.##. # #.##. #.##


You could see 3 gnolls.

Vanquished Creatures
  3 adders
  A worm (D:2)
  4 orcs (D:3)
  9 bats
  5 endoplasms
  A giant cockroach (D:1)
  10 goblins
  3 hobgoblins
  4 quokkas
  5 ball pythons
  A frilled lizard (D:2)
  5 kobolds
  A rat (D:1)
52 creatures vanquished.

Notes
Turn   | Place    | Note
-------+----------+-------------------------------------------
     0 | D:1      | IdlyInterested the Demonspawn Fighter began the quest for
                  | the Orb.
     0 | D:1      | Reached XP level 1. HP: 18/18 MP: 1/1
     1 | D:1      | Noticed an electric eel
   213 | D:1      | Gained mutation: You are partially covered in razor-sharp
                  | scales. (AC +1, Slay +1) [demonic ancestry]
   213 | D:1      | Reached XP level 2. HP: 24/24 MP: 2/2
   909 | D:2      | Reached skill level 1 in Stealth
   956 | D:2      | Gained mutation: You have a small tail. [demonic ancestry]
   956 | D:2      | Reached XP level 3. HP: 29/29 MP: 3/3
  1073 | D:2      | Reached skill level 1 in Dodging
  1173 | D:2      | Reached skill level 1 in Throwing
  1259 | D:2      | Reached skill level 1 in Evocations
  1703 | D:3      | Gained mutation: You are mostly covered in razor-sharp
                  | scales. (AC +2, Slay +2) [demonic ancestry]
  1703 | D:3      | Reached XP level 4. HP: 33/35 MP: 4/4
  1937 | D:3      | Slain by a gnoll

Illustrated notes

Levels and vault maps discovered:
D:1:      arrival_aquarium_a, layout_loops_ring, nicolae_figureground_pulse
D:2:      layout_basic, minmay_split_cup_small
D:3:      layout_loops_ring, trog_book

Skill      XL: |  1  2  3  4 |
---------------+-------------+-----
Long Blades    | 2 |  2.8
Armour         | 3 |  3.0
Stealth        | 1 |  1.0
Dodging        | 1 |  1.0
Throwing       | 1 |  1.0
Evocations     | 1 |  1.0
Shields        | 3 |  3.0
Fighting       | |  3.0

Action                     |  1- 3 |  4- 6 || total
---------------------------+-------+-------++-------
  Melee: Long sword        |   131 |    24 ||   155
         Tailslap          |     4 |     4 ||     8
  Throw: Stone             |     4 |       ||     4
    Use: Scroll            |     2 |     2 ||     4
         Potion            |       |     3 ||     3
 Armour: Scale mail        |    82 |    16 ||    98
  Dodge: Dodged            |    75 |     9 ||    84
  Block: Buckler           |    38 |     8 ||    46

Table legend: (Time is in decaauts)
 A = Elapsed time spent in this place.
 B = Non-inter-level travel time spent in this place.
 C = Inter-level travel time spent in this place.
 D = Time resting spent in this place.
 E = Time spent auto-exploring this place.
 F = Levels seen in this place.
 G = Mean time per level.
                   A        B        C        D        E       F      G
               +--------+--------+--------+--------+--------+-----+--------+
         Total |   1989 |   1854 |    135 |     35 |   1308 |   3 |  663.0 |
       Dungeon |   1989 |   1854 |    135 |     35 |   1308 |   3 |  663.0 |
               +--------+--------+--------+--------+--------+-----+--------+

Top non-repeatable levels by time:
     D:1: 880 daAuts
     D:2: 837 daAuts
     D:3: 272 daAuts
